 Dungeon Crawl Stone Soup version 0.24-a0-335-g06ca16a (webtiles) character file.

Game seed: 7449043548176564951

954 Borgoz the Cudgeler (level 8, -1/58 HPs)
             Began as a Gargoyle Gladiator on May 19, 2019.
             Was an Initiate of Ashenzari.
             Splashed by a jelly's acid (5 damage)
             ... on level 5 of the Dungeon.
             The game lasted 00:09:02 (4453 turns).

Borgoz the Cudgeler (Gargoyle Gladiator)            Turns: 4453, Time: 00:09:03

Health: -1/58      AC:  0    Str: 20    XL:     8   Next: 14%
Magic:  8/8        EV: 13    Int:  9    God:    Ashenzari [......]
Gold:   264        SH:  2    Dex: 16    Spells: 7/7 levels left

rFire    + . .     SeeInvis .   c - +3 whip
rCold    . . .     Gourm    .   (no shield)
rNeg     + . .     Faith    .   m - +0 ring mail {rF+}
rPois    ∞         Spirit   .   w - +0 helmet
rElec    +         Reflect  +   (no cloak)
rCorr    .         Harm     .   (no gloves)
MR       .....                  k - +1 pair of boots
Stlth    +.........             g - +2 amulet of reflection
HPRegen  0.19/turn              n - +3 ring of dexterity
MPRegen  0.11/turn              v - -2 ring of protection (curse)

@: corroded
A: big wings, negative energy resistance 1, robust 2, electricity resistance,
strong 1, unbreathing, petrification resistance, rot immunity, AC +5
a: Fly, Curse Item, Renounce Religion


You were on level 5 of the Dungeon.
You worshipped Ashenzari.
Ashenzari was noncommittal.
You were not hungry.

You visited 2 branches of the dungeon, and saw 6 of its levels.

You collected 264 gold pieces.

Inventory:

Hand Weapons
 a - a +0 flail
 c - a +3 whip (weapon)
 y - a +3 dire flail of crushing
Missiles
 d - 3 throwing nets (quivered)
Armour
 k - a +1 pair of boots (worn)
 m - a +0 ring mail of fire resistance (worn)
 w - a +0 helmet (worn)
Jewellery
 g - a +2 amulet of reflection (around neck)
 n - a +3 ring of dexterity (left hand)
 v - a cursed -2 ring of protection (right hand)
Wands
 q - a wand of enslavement (4)
Scrolls
 e - 3 scrolls of enchant weapon {unknown}
 h - 3 scrolls of teleportation {unknown}
 i - a scroll of magic mapping {unknown}
 j - a scroll of random uselessness {unknown}
 l - 4 scrolls of identify {unknown}
 o - 2 scrolls of noise {unknown}
 r - 5 scrolls of enchant armour
 s - 2 scrolls of remove curse
Potions
 p - a potion of might {unknown}
 t - a potion of degeneration
 u - a potion of invisibility {unknown}
 x - a potion of brilliance {unknown}
Comestibles
 b - 7 chunks of flesh
 f - 9 rations


   Skills:
 + Level 5.3 Fighting
 + Level 5.4 Maces & Flails
 + Level 4.4 Throwing
 + Level 4.4 Dodging


You had 7 spell levels left.
You didn't know any spells.
Your spell library was empty.

Dungeon Overview and Level Annotations

Branches:
Dungeon (5/15)             Temple (1/1) D:4

Altars:
Ashenzari
Cheibriados
Fedhas
Gozag
Kikubaaqudgha
Makhleb
Nemelex Xobeh
Okawaru
Qazlal
Ru
Trog
Uskayaw
Vehumet
Wu Jian
Xom
Zin
The Shining One

Shops:
D:3 *

Annotations:
D:3 1 transporter


Innate Abilities, Weirdness & Mutations

You are resistant to torment.
Your stone body is resilient. (AC +5)
You are immune to poison.
You resist negative energy. (rN+)
You are resistant to electric shocks. (rElec)
You can survive without breathing.
You are immune to petrification.
You are immune to rotting.
Your large and strong wings let you fly indefinitely.
You are very robust. (+20% HP)
Your muscles are strong. (Str +2)


Message History

The jelly hits you. The acid corrodes you!
You are splashed with acid!
Your ring mail prevents you from hitting the jelly.
The jelly is severely wounded.
The jelly hits you but does no damage.
You hit the jelly.
Your hands burn!
* * * LOW HITPOINT WARNING * * *
The jelly is almost dead.
The jelly hits you but does no damage.
You completely miss the jelly.
The jelly is almost dead.
You hit the jelly but do no damage. The acid corrodes you!
Your hands burn!
* * * LOW HITPOINT WARNING * * *
The jelly is almost dead.
The jelly barely misses you.
You hit the jelly. The acid corrodes you!
Your hands burn!
* * * LOW HITPOINT WARNING * * *
The jelly is almost dead.
You block the jelly's attack.
You hit the jelly but do no damage.
Your hands burn!
You die...

#≈≈≈≈≈≈≈###.....≈≈##
#.≈≈≈≈≈≈≈####'#####
##..≈≈≈≈≈≈≈≈##..#
..PP.≈≈≈≈≈≈###''##
######≈≈≈≈≈# #....#
≈≈≈≈≈≈≈≈≈≈≈# #....#
≈≈≈≈≈≈≈l≈≈## #....#
###≈≈≈≈≈######....#
#≈≈≈≈≈≈≈≈≈≈≈#@####.#
≈≈≈≈≈≈≈≈≈≈≈≈J## #≈≈
#≈≈≈≈≈≈≈≈≈≈### ##≈
############


You could see a jelly.

Vanquished Creatures
  Edmund (D:5)
  Menkaure (D:4)
  An ogre (D:5)
  A bullfrog (D:4)
  A scorpion (D:4)
  3 orc priests (D:4)
  2 hounds
  A jelly (D:5)
  A gnoll shaman (D:4)
  An orc wizard (D:4)
  An iguana (D:5)
  2 worker ants
  7 gnolls
  4 adders
  5 worms
  3 dart slugs
  3 leopard geckos
  3 orcs
  A giant cockroach (D:3)
  7 hobgoblins
  11 jackals
  2 quokkas
  3 ball pythons
  12 bats
  3 frilled lizards
  8 goblins
  9 kobolds
  5 rats
102 creatures vanquished.

Vanquished Creatures (others)
  A plant (D:5)
1 creature vanquished.

Grand Total: 103 creatures vanquished

Notes
Turn   | Place    | Note
-------+----------+-------------------------------------------
     0 | D:1      | Borgoz the Gargoyle Gladiator began the quest for the Orb.
     0 | D:1      | Reached XP level 1. HP: 12/12 MP: 1/1
   265 | D:1      | Reached XP level 2. HP: 16/18 MP: 2/2
   586 | D:1      | Reached XP level 3. HP: 18/22 MP: 3/3
  1251 | D:2      | Reached XP level 4. HP: 18/27 MP: 4/4
  1328 | D:2      | Found a shimmering altar of Xom.
  1946 | D:3      | Found an opulent altar of Gozag.
  1947 | D:3      | Found Gozag's Platinum Reserve.
  2009 | D:3      | Reached XP level 5. HP: 22/32 MP: 5/5
  2026 | D:3      | Gained mutation: Your large and strong wings let you fly
                  | indefinitely. [potion of mutation]
  2026 | D:3      | Gained mutation: You are robust. (+10% HP) [potion of
                  | mutation]
  2026 | D:3      | Gained mutation: You are very robust. (+20% HP) [potion of
                  | mutation]
  2026 | D:3      | Gained mutation: Your muscles are strong. (Str +2) [potion
                  | of mutation]
  2212 | D:4      | Noticed Menkaure
  2552 | D:3      | Found a sparkling altar of Nemelex Xobeh.
  2552 | D:3      | Found a transporter.
  2552 | D:3      | Noticed a hungry ghost
  2959 | D:4      | Killed Menkaure
  2959 | D:4      | Reached XP level 6. HP: 28/45 MP: 6/6
  3072 | D:4      | Found a staircase to the Ecumenical Temple.
  3355 | D:4      | Reached XP level 7. HP: 18/52 MP: 7/7
  3473 | D:4      | Found an iron altar of Okawaru.
  3893 | D:5      | Entered Level 5 of the Dungeon
  3893 | D:5      | Noticed Edmund
  3923 | D:5      | Killed Edmund
  3923 | D:5      | Reached skill level 5 in Fighting
  3923 | D:5      | Reached skill level 5 in Maces & Flails
  4125 | Temple   | Entered the Ecumenical Temple
  4155 | Temple   | Became a worshipper of Ashenzari the Shackled
  4226 | D:5      | Found a snail-covered altar of Cheibriados.
  4227 | D:5      | Found a sacrificial altar of Ru.
  4232 | D:5      | Found a glowing golden altar of the Shining One.
  4232 | D:5      | Found a burning altar of Makhleb.
  4241 | D:5      | Reached XP level 8. HP: 20/58 MP: 8/8
  4453 | D:5      | Splashed by a jelly's acid

Levels and vault maps discovered:
D:1:      dpeg_arrival_windows_large_door, layout_basic, serial_forest,
          infiniplex_forest_lined_2, infiniplex_forest_clump_curved,
          infiniplex_forest_lined_3_way, infiniplex_forest_clump_diagonal,
          due_unseen_surprise
D:2:      layout_basic, overflow_temple_1_default, first_ration
D:3:      layout_loops_cross, nicolae_gozag_zags_fifth_avenue,
          grunt_nemelex_the_gamble
D:4:      layout_rooms, lemuel_round_altar, minmay_temple_entry_proselytizer,
          uniq_menkaure
D:5:      wad_lake_hut, layout_basic, grunt_temple_overflow_open,
          lemuel_doored_altar, overflow_temple_1_default, uniq_edmund
Temple:   compressed_dpeg_triangle_lava_temple

Skill      XL: |  1  2  3  4  5  6  7 |
---------------+----------------------+-----
Throwing       | 2 3 4 |  4.4
Fighting       | 3 4 5 |  5.3
Dodging        | 3 4 |  4.4
Maces & Flails | 4 5 |  5.4

Action                   |  1- 3 |  4- 6 |  7- 9 || total
-------------------------+-------+-------+-------++-------
Melee: Flail             |   117 |   209 |    20 ||   346
       Whip              |       |       |    89 ||    89
  Use: Potion            |       |     3 |       ||     3
       Scroll            |       |     1 |       ||     1
  Eat: Chunk             |     1 |     7 |     4 ||    12
Armor: Leather armour    |    57 |    74 |       ||   131
       Ring mail         |       |    21 |    37 ||    58
Dodge: Dodged            |   104 |   190 |    68 ||   362
Block: Other             |       |    14 |     4 ||    18

Table legend:
 A = Non-vault XP
 B = Vault XP
 C = Vault XP percentage of total XP
 D = Non-vault monster count
 E = Vault monster count
 F = Vault count percentage of total count
                 A         B        C        D         E       F
            +---------+---------+-------+---------+---------+-------
      Total |     979 |     385 |  28.2 |      99 |       3 |   2.9
            +---------+---------+-------+---------+---------+-------
        D:1 |      45 |       0 |   0.0 |      27 |       0 |   0.0
        D:2 |      89 |       0 |   0.0 |      27 |       0 |   0.0
        D:3 |     135 |       0 |   0.0 |      25 |       0 |   0.0
        D:4 |     467 |     212 |  31.2 |      16 |       2 |  11.1
        D:5 |     243 |     173 |  41.6 |       4 |       1 |  20.0
            +---------+---------+-------+---------+---------+-------
